 Dungeon Crawl Stone Soup version 0.31-a0-702-gf82c85558f (webtiles) character file.

Game seed: 11099182729237065802

176 qw the Shooter (level 5, -1/33 HPs)
             Began as a Gargoyle Hunter on Sept 7, 2023.
             Slain by a gnoll
             ... wielding a +0 flail
              (5 damage)
             ... on level 3 of the Dungeon.
             The game lasted 00:00:42 (1509 turns).

qw the Shooter (Gargoyle Hunter)                    Turns: 1509, Time: 00:00:42

Health: -1/33      AC: 10    Str: 13 (15) XL:     5   Next: 56%
Magic:  5/5        EV: 10    Int:  6 (9)  God:
Gold:   131        SH:  0    Dex: 14 (15) Spells: 4/4 levels left

rFire   . . .        Y - +1 shortbow
rCold   . . .        (shield currently unavailable)
rNeg    + . .        d - +0 ring mail
rPois   inf          (no helmet)
rElec   +            g - +0 cloak
rCorr   .            (no gloves)
SInv    .            (no boots)
Will    .....        (no amulet)
Stlth   +            (no ring)
HPRegen 0.25/turn    (no ring)
MPRegen 0.09/turn

%: no passive effects
@: no status effects
A: sickness immunity, AC +4, negative energy resistance 1, electricity
resistance, torment resistance 1, petrification resistance
a: no special abilities


You were on level 3 of the Dungeon.
You visited 1 branch of the dungeon, and saw 3 of its levels.

You collected 131 gold pieces.


Innate Abilities, Weirdness & Mutations

You are immune to sickness and miasma.
Your stone body is resilient. (AC +4)
You are immune to poison.
You resist negative energy. (rN+)
You are resistant to electric shocks. (rElec)
You are resistant to unholy torment.
You are immune to petrification.


   Skills:
 - Level 4.2 Fighting
 + Level 5.5 Ranged Weapons
 - Level 1.1 Armour
 - Level 1.5 Dodging
 - Level 1.1 Stealth


You had 4 spell levels left.
You didn't know any spells.
Your spell library was empty.

Inventory:

Hand Weapons
 Y - a +1 shortbow (weapon)
Armour
 d - a +0 ring mail (worn)
 g - a +0 cloak (worn)
Scrolls
 a - a scroll of identify
 b - a scroll of vulnerability {unknown}
Potions
 e - a potion of might {unknown}
 h - a potion of mutation {unknown}
 i - a potion of cancellation

Dungeon Overview and Level Annotations

Branches:
Dungeon (3/15)

Altars:


Message History

The gnoll barely misses you. The quokka barely misses you.
The gnoll closely misses you.
You shoot an arrow. The arrow hits the gnoll!
The gnoll is almost dead.
The quokka barely misses you. The gnoll closely misses you.
The quokka bites you but does no damage.
You shoot an arrow. The arrow hits the gnoll.
You kill the gnoll!
The quokka bites you but does no damage.
You shoot an arrow. The arrow completely misses the gnoll.
The quokka closely misses you. The gnoll barely misses you.
The quokka barely misses you. The gnoll barely misses you.
You shoot an arrow. The arrow hits the gnoll.
The gnoll is moderately wounded.
The quokka bites you but does no damage.
The gnoll hits you but does no damage.
You shoot an arrow. The arrow hits the gnoll.
The gnoll is moderately wounded.
The quokka barely misses you. The gnoll hits you with a +0 flail!
The quokka misses you.
You shoot an arrow.
The arrow hits the gnoll but does no damage.
The gnoll is moderately wounded.
The gnoll hits you but does no damage. The quokka closely misses you.
You shoot an arrow. The arrow hits the gnoll.
The gnoll is heavily wounded.
The quokka bites you but does no damage.
The gnoll hits you with a +0 flail.
The quokka bites you but does no damage.
The gnoll barely misses you.
You shoot an arrow. The arrow hits the gnoll.
The gnoll is almost dead.
The quokka bites you but does no damage.
The gnoll hits you with a +0 flail.
You shoot an arrow. The arrow barely misses the gnoll.
The quokka closely misses you. The gnoll barely misses you.
The quokka bites you but does no damage.
You shoot an arrow. The arrow barely misses the gnoll.
The gnoll hits you with a +0 flail.
You die...

##### #....##
.)....g## ##..
#).Krg# #..#
#@## #..# .#
#..# #..#..#
#.[# #..#..#
#..# #..#..#
#..# #..##.##
##.##
#...#..######..#
#.#.#.........##
#.#.........###


You could see 2 gnolls, a quokka and a kobold.

Vanquished Creatures
  A scorpion (D:2)
  A hound (D:3)
  A gnoll (D:3)
  An adder (D:3)
  2 worms (D:2)
  3 dart slugs
  3 ball pythons
  7 bats
  6 endoplasms
  2 giant cockroaches
  4 goblins
  4 hobgoblins (D:1)
  5 jackals
  3 quokkas
  4 frilled lizards
  2 kobolds (D:1)
  4 rats
53 creatures vanquished.

Notes
Turn   | Place    | Note
-------+----------+-------------------------------------------
     0 | D:1      | qw the Gargoyle Hunter began the quest for the Orb.
     0 | D:1      | Reached XP level 1. HP: 12/12 MP: 1/1
     0 | D:1      | 0 ||| qw: Version: 0.3-a-76-g4403597
     0 | D:1      | 0 ||| qw: Game counter: 806
     0 | D:1      | 0 ||| qw: Melee chars always use a shield: true
     0 | D:1      | 0 ||| qw: God list: Okawaru
     0 | D:1      | 0 ||| qw: Allow faded altars: false
     0 | D:1      | 0 ||| qw: Do Orc after clearing Dungeon:15 true
     0 | D:1      | 0 ||| qw: Do second Lair branch before Depths: true
     0 | D:1      | 0 ||| qw: Lair rune preference: random
     0 | D:1      | 0 ||| qw: Goals: Normal
     0 | D:1      | 0 ||| PLANNING D:1-11
   137 | D:1      | Reached XP level 2. HP: 17/17 MP: 2/2
   311 | D:1      | Reached XP level 3. HP: 20/21 MP: 3/3
   376 | D:1      | Reached skill level 5 in Ranged Weapons
   668 | D:1      | 668 ||| READING scroll labelled LIDOCY RYZXU.
   673 | D:1      | 673 ||| READING scroll labelled YMMIGE TUCUOPS.
   674 | D:1      | 674 ||| READING scroll labelled ADARGH MIXT.
   675 | D:1      | 675 ||| DROPPING scroll of butterflies.
   706 | D:2      | 706 ||| STAIRDANCE
   866 | D:2      | Noticed a scorpion
   873 | D:2      | Killed a scorpion
   874 | D:2      | Reached XP level 4. HP: 24/29 MP: 4/4
  1308 | D:2      | 1308 ||| UPGRADING to +0 ring mail.
  1318 | D:2      | 1318 ||| DROPPING +0 leather armour.
  1319 | D:2      | 1319 ||| UPGRADING to +0 cloak.
  1324 | D:2      | 1324 ||| READING scroll labelled UTZUDUH NESI.
  1325 | D:2      | 1325 ||| READING scroll labelled OHILENE PETH.
  1326 | D:2      | 1326 ||| DRINKING 4 emerald potions.
  1327 | D:2      | 1327 ||| DRINKING 2 brown potions.
  1328 | D:2      | 1328 ||| DROPPING 3 potions of degeneration.
  1349 | D:3      | 1349 ||| STAIRDANCE
  1363 | D:3      | 1363 ||| STAIRDANCE
  1370 | D:2      | Reached XP level 5. HP: 32/33 MP: 5/5
  1429 | D:3      | Reached skill level 1 in Armour
  1506 | D:3      | HP: 6/33 [gnoll/+0 flail (6)]
  1509 | D:3      | Slain by a gnoll

Levels and vault maps discovered:
D:1:      lemuel_arrival_tunnels, layout_basic
D:2:      layout_basic
D:3:      layout_rooms, elyvilon_altar_5,
          nicolae_overflow_guarded_unrand_okawaru_victory, tgw_fedhas,
          serial_glass, glass_columns_a, glass_columns_b, glass_columns_b,
          glass_columns_a, glass_columns_a, glass_columns_a, glass_columns_a,
          glass_columns_a, minmay_randomly_rotated_circles, uniq_grinder,
          uniq_terence

Skill      XL: |  1  2  3  4  5 |
---------------+----------------+-----
Ranged Weapons | 5 |  5.5
Fighting       | 4 |  4.2
Armour         | 1 |  1.1
Dodging        | |  1.5
Stealth        | |  1.1

Action                     |  1- 3 |  4- 6 || total
---------------------------+-------+-------++-------
   Fire: Shortbow          |    95 |    78 ||   173
    Use: Scroll            |     3 |     2 ||     5
         Potion            |       |     2 ||     2
 Armour: Leather armour    |     9 |       ||     9
         Ring mail         |       |    64 ||    64
  Dodge: Dodged            |    10 |    48 ||    58

Table legend:
 A = Non-vault XP
 B = Vault XP
 C = Vault XP percentage of total XP
 D = Non-vault monster count
 E = Vault monster count
 F = Vault count percentage of total count
                 A         B        C        D         E       F
            +---------+---------+-------+---------+---------+-------
      Total |     208 |      44 |  17.5 |      51 |       2 |   3.8
            +---------+---------+-------+---------+---------+-------
        D:1 |      49 |       0 |   0.0 |      27 |       0 |   0.0
        D:2 |     119 |       0 |   0.0 |      15 |       0 |   0.0
        D:3 |      40 |      44 |  52.4 |       9 |       2 |  18.2
            +---------+---------+-------+---------+---------+-------
